 Dungeon Crawl Stone Soup version 0.23-a0-241-g3b46b07 (webtiles) character file.

3987 galech the Cleaver (level 10, -7/76 HPs)
             Began as a Demonspawn Fighter on Sept 27, 2018.
             Was a Priest of Okawaru.
             Mangled by an orc warrior
             ... wielding a +0 glaive
              (13 damage)
             ... on level 9 of the Dungeon.
             The game lasted 00:09:48 (5929 turns).

galech the Cleaver (Demonspawn Fighter)             Turns: 5929, Time: 00:09:49

Health: -7/76      AC: 13    Str: 17    XL:     10   Next: 3%
Magic:  11/11      EV: 11    Int: 12    God:    Okawaru [***...]
Gold:   80         SH: 10    Dex: 15    Spells: 9/9 levels left

rFire    . . .     SeeInvis .   a - +0 war axe
rCold    + . .     Gourm    .   c - +0 shield
rNeg     . . .     Faith    .   B - +0 chain mail
rPois    .         Spirit   .   (helmet restricted)
rElec    .         Reflect  .   w - +0 cloak
rCorr    .         Harm     .   (no gloves)
MR       .....                  (no boots)
Stlth    ..........             l - amulet of regeneration
HPRegen  0.62/turn              C - +4 ring of evasion
MPRegen  0.12/turn              I - ring of stealth

@: marked
A: horns 1, talons 1, iridescent scales 1, clever 1, cold resistance 1, high mp
1
a: Heroism, Renounce Religion


You were on level 9 of the Dungeon.
You worshipped Okawaru.
Okawaru was most pleased with you.
You were hungry.

You visited 2 branches of the dungeon, and saw 10 of its levels.

You collected 374 gold pieces.
You spent 294 gold pieces at shops.

Inventory:

Hand Weapons
 a - a +0 war axe (weapon)
Armour
 b - a +0 scale mail
 c - a +0 shield (worn)
 w - a +0 cloak (worn)
 B - a +0 chain mail (worn)
Jewellery
 e - an uncursed amulet of harm
 l - an amulet of regeneration (around neck)
 p - an uncursed amulet of the acrobat
 y - an uncursed amulet of the gourmand
 C - a +4 ring of evasion (left hand)
 I - a ring of stealth (right hand)
Scrolls
 g - 2 scrolls of immolation {unknown}
 h - 2 scrolls of enchant armour {unknown}
 i - 3 scrolls of random uselessness {unknown}
 j - 2 scrolls of fear {unknown}
 k - 7 scrolls of identify {unknown}
 s - 3 scrolls of teleportation {unknown}
 u - 5 scrolls of remove curse {unknown}
 x - 2 scrolls of enchant weapon {unknown}
 z - a scroll of vulnerability {unknown}
 E - a scroll of blinking {unknown}
 J - a scroll of amnesia {unknown}
 K - a scroll of brand weapon {unknown}
 L - a scroll of noise {unknown}
Potions
 d - 2 potions of might
 m - a potion of brilliance {unknown}
 n - 2 potions of haste {unknown}
 o - 3 potions of flight {unknown}
 q - 6 potions of curing
 r - a potion of agility {unknown}
 t - a potion of cancellation {unknown}
 v - a potion of resistance {unknown}
 D - 2 potions of mutation
 F - a potion of berserk rage {unknown}
 G - a potion of heal wounds
 H - a potion of magic {unknown}
Comestibles
 f - 16 rations
 A - 4 chunks of flesh


   Skills:
 + Level 5.8 Fighting
 + Level 8.5 Axes
 + Level 6.8 Armour
 + Level 3.1 Dodging
 + Level 1.3 Stealth
 + Level 6.2 Shields
 + Level 0.6 Invocations


You had 9 spell levels left.
You didn't know any spells.
Your spell library was empty.

Dungeon Overview and Level Annotations

Branches:
Dungeon (9/15)             Temple (1/1) D:6
   Lair: D:8-11         Orc: D:9-12

Altars:
Ashenzari
Cheibriados
Dithmenos
Fedhas
Gozag
Hepliaklqana
Kikubaaqudgha
Nemelex Xobeh
Okawaru
Qazlal
Ru
Sif Muna
Trog
Uskayaw
Vehumet
Wu Jian
Xom
Yredelemnul
Zin
The Shining One

Shops:
D:7 !   D:9 [

Annotations:
D:9 Joseph


Innate Abilities, Weirdness & Mutations

You have sharp toenails.
You are partially covered in iridescent scales. (AC +2)
You have a pair of small horns on your head.
Your mind is acute. (Int +2)
Your flesh is cold resistant. (rC+)
You have an increased reservoir of magic. (+10% MP)


Message History

You block Joseph's attack.
You hit the orc warrior.
You claw the orc warrior, but do no damage.
The orc warrior is lightly wounded.
You hit Joseph but do no damage.
The orc warrior hits you but does no damage.
You block Joseph's attack.
The necrophage hits you but does no damage.
You hit the orc warrior. Your kick misses the orc warrior.
The orc warrior is lightly wounded.
Your shield and chain mail prevent you from hitting Joseph.
You hit the necrophage. The orc warrior hits you with a glaive!
* * * LOW HITPOINT WARNING * * *
Joseph misses you. The necrophage closely misses you.
You closely miss the orc warrior. You claw the orc warrior.
The orc warrior is moderately wounded.
You hit the ogre but do no damage. You hit the necrophage.
You barely miss Joseph. You block the necrophage's attack.
The orc warrior hits you with a glaive!
You die...

###... #######....#
...........# #.....
...........# #.....#
...........# #.....#
...........# #.....#
......o.O..# #.....#
.......@n..######.....#
..)....@.(.(..........##
##########'#..........<.
#..........>.
#............
###..........
#.......... ##.........
#.........


You could see Joseph, an orc warrior, an ogre and a necrophage.

Vanquished Creatures
  Pikel (D:8)
  Grinder (D:5)
  A water moccasin (D:8)
  2 orc warriors (D:6)
  An eye of draining (D:8)
  A necrophage (D:8)
  4 ogres
  A phantom (D:7)
  3 centaurs
  8 bullfrogs
  3 scorpions
  6 killer bees (D:8)
  4 howler monkeys
  5 crimson imps
  2 centaur zombies
  4 hounds
  2 jellies
  A bullfrog skeleton (D:6)
  A gnoll shaman (D:8)
  2 orc priests
  5 orc wizards
  An iguana (D:4)
  7 worker ants
  A hound skeleton (D:8)
  8 adders
  9 gnolls
  4 shadow imps
  3 oozes
  An adder zombie (D:4)
  An adder skeleton (D:6)
  3 worms (D:2)
  6 leopard geckos
  19 orcs
  A ball python (D:4)
  6 giant cockroaches
  3 goblins (D:3)
  2 hobgoblins
  6 jackals
  4 quokkas
  A ball python skeleton (D:4)
  5 bats (D:2)
  6 frilled lizards
  A jackal zombie (D:6)
  8 kobolds
  2 leopard gecko skeletons (D:6)
  A quokka zombie (D:7)
  5 rats
172 creatures vanquished.

Vanquished Creatures (others)
  A leopard gecko (D:8)
1 creature vanquished.

Grand Total: 173 creatures vanquished

Notes
Turn   | Place    | Note
-------+----------+-------------------------------------------
     0 | D:1      | galech the Demonspawn Fighter began the quest for the Orb.
     0 | D:1      | Reached XP level 1. HP: 18/18 MP: 1/1
    69 | D:1      | Gained mutation: You are partially covered in iridescent
                  | scales. (AC +2) [demonic ancestry]
    69 | D:1      | Reached XP level 2. HP: 3/24 MP: 2/2
   636 | D:2      | Found a bloodstained altar of Trog.
   756 | D:2      | Gained mutation: Your body sometimes deteriorates upon
                  | taking damage. [potion of mutation]
   756 | D:2      | Gained mutation: Armour fits poorly on your strangely
                  | shaped body. [potion of mutation]
   756 | D:2      | Gained mutation: You have a pair of small horns on your
                  | head. [potion of mutation]
   756 | D:2      | Gained mutation: Your flesh is cold resistant. (rC+)
                  | [potion of mutation]
   766 | D:2      | Reached XP level 3. HP: 17/29 MP: 3/3
   779 | D:2      | Reached skill level 2 in Axes
   787 | D:2      | Lost mutation: Your body sometimes deteriorates upon taking
                  | damage. [potion of mutation]
   787 | D:2      | Lost mutation: Armour fits poorly on your strangely shaped
                  | body. [potion of mutation]
   787 | D:2      | Gained mutation: Your mind is acute. (Int +2) [potion of
                  | mutation]
   787 | D:2      | Gained mutation: You have supernaturally acute eyesight.
                  | (SInv) [potion of mutation]
   787 | D:2      | Lost mutation: You have supernaturally acute eyesight.
                  | (SInv) [potion of mutation]
   787 | D:2      | Gained mutation: You have an increased reservoir of magic.
                  | (+10% MP) [potion of mutation]
  1468 | D:3      | Reached XP level 4. HP: 35/35 MP: 4/4
  1569 | D:3      | Found a radiant altar of Vehumet.
  1659 | D:3      | Found a sparkling altar of Nemelex Xobeh.
  2242 | D:4      | Reached skill level 3 in Axes
  2368 | D:4      | Reached XP level 5. HP: 9/41 MP: 5/5
  2501 | D:4      | Found an opulent altar of Gozag.
  2508 | D:4      | Found an ornate altar of the Wu Jian Council.
  2550 | D:4      | Found an ornate altar of the Wu Jian Council.
  2552 | D:4      | Found a hide-covered altar of Uskayaw.
  2552 | D:4      | Found a blossoming altar of Fedhas.
  2554 | D:4      | Found a basalt altar of Yredelemnul.
  2554 | D:4      | Found a sacrificial altar of Ru.
  2554 | D:4      | Found a shimmering altar of Xom.
  2622 | D:4      | Reached skill level 1 in Dodging
  2816 | D:5      | Entered Level 5 of the Dungeon
  2827 | D:5      | Gained mutation: You have sharp toenails. [demonic
                  | ancestry]
  2827 | D:5      | Reached XP level 6. HP: 34/48 MP: 6/6
  2950 | D:5      | Reached skill level 4 in Axes
  2971 | D:5      | Reached XP level 7. HP: 43/53 MP: 7/7
  2973 | D:5      | Noticed Grinder
  3150 | D:5      | Killed Grinder
  3335 | D:5      | Reached skill level 5 in Axes
  3682 | D:6      | You fall through a shaft for 2 floors!
  3692 | D:7      | Reached XP level 8. HP: 58/60 MP: 8/8
  3735 | D:7      | Reached skill level 1 in Stealth
  3816 | D:6      | Found a staircase to the Ecumenical Temple.
  3891 | D:6      | Reached skill level 5 in Armour
  4160 | Temple   | Entered the Ecumenical Temple
  4248 | Temple   | Became a worshipper of Warmaster Okawaru
  4340 | D:6      | Reached skill level 5 in Shields
  4343 | D:6      | Reached skill level 6 in Axes
  4737 | D:7      | Reached skill level 5 in Fighting
  4829 | D:7      | Reached * piety under Okawaru
  4899 | D:7      | Reached XP level 9. HP: 63/68 MP: 9/9
  4919 | D:7      | Found Villemn's Distillery.
  4924 | D:7      | Bought a potion of mutation for 112 gold pieces
  4924 | D:7      | Bought a potion of mutation for 112 gold pieces
  4924 | D:7      | Bought a potion of heal wounds for 70 gold pieces
  4924 | D:7      | Lost mutation: You have a pair of small horns on your head.
                  | [potion of mutation]
  4924 | D:7      | Lost mutation: Your mind is acute. (Int +2) [potion of
                  | mutation]
  4924 | D:7      | Gained mutation: Your mind is acute. (Int +2) [potion of
                  | mutation]
  4924 | D:7      | Gained mutation: You have a pair of small horns on your
                  | head. [potion of mutation]
  5326 | D:8      | Reached skill level 7 in Axes
  5352 | D:8      | You fall through a shaft!
  5354 | D:9      | Found Feeqapt's Antique Armour Boutique.
  5544 | D:8      | Reached ** piety under Okawaru
  5569 | D:8      | Noticed Pikel
  5585 | D:8      | Killed Pikel
  5585 | D:8      | Reached skill level 8 in Axes
  5687 | D:8      | Reached *** piety under Okawaru
  5778 | D:8      | Reached XP level 10. HP: 68/76 MP: 11/11
  5905 | D:9      | Noticed Joseph
  5929 | D:9      | Mangled by an orc warrior

Vault maps used:
D:1:      shiori_arrival_maze
D:2:      bloody_trog, minmay_misc_feat_columns
D:3:      marbit_many_paths, nemelex_xobeh_ov_fountains_minmay
D:4:      doesnt_xom_only_xom, amethyst_overflow_temple_binary, first_ration
D:5:      uniq_grinder
D:6:      minmay_temple_entry_butterflies, grunt_ministairs_6,
          kennysheep_generic_room_2
D:7:      serial_shops, shop, kennysheep_windowed_goal
D:8:      uniq_pikel
D:9:      erik_lair_island, serial_shops, shop_coins, kennysheep_mini_moat,
          shop_statue, shop, uniq_joseph, uniq_psyche
Temple:   eino_temple_scatter_basement

Skill      XL: |  1  2  3  4  5  6  7  8  9 |
---------------+----------------------------+-----
Armour         | 3 4 5 6 |  6.8
Shields        | 3 4 5 6 |  6.2
Axes           | 2 3 4 5 6 8 |  8.5
Dodging        | 1 2 3 |  3.1
Fighting       | 4 5 |  5.8
Stealth        | 1 |  1.3
Invocations    | |  0.6

Action                   |  1- 3 |  4- 6 |  7- 9 | 10-12 || total
-------------------------+-------+-------+-------+-------++-------
Melee: War axe           |   133 |   152 |   354 |    20 ||   659
       Headbutt          |     8 |    28 |    77 |     5 ||   118
       Kick              |       |     7 |    96 |     6 ||   109
Invok: Heroism           |       |       |     2 |       ||     2
  Use: Potion            |     4 |       |     2 |       ||     6
  Eat: Chunk             |     2 |     5 |    10 |       ||    17
Armor: Scale mail        |    78 |    98 |    32 |       ||   208
       Chain mail        |       |       |   146 |    12 ||   158
Dodge: Dodged            |    50 |    71 |   146 |     8 ||   275
Block: Shield            |    75 |    77 |   208 |    17 ||   377

Table legend:
 A = Non-vault XP
 B = Vault XP
 C = Vault XP percentage of total XP
 D = Non-vault monster count
 E = Vault monster count
 F = Vault count percentage of total count
                 A         B        C        D         E       F
            +---------+---------+-------+---------+---------+-------
      Total |    4690 |    1006 |  17.7 |     161 |      11 |   6.4
            +---------+---------+-------+---------+---------+-------
        D:1 |      19 |       2 |   9.5 |       4 |       2 |  33.3
        D:2 |      75 |       0 |   0.0 |      26 |       0 |   0.0
        D:3 |      58 |       2 |   3.3 |      17 |       1 |   5.6
        D:4 |     233 |       0 |   0.0 |      14 |       0 |   0.0
        D:5 |     771 |     262 |  25.4 |      17 |       1 |   5.6
        D:6 |     708 |      92 |  11.5 |      22 |       5 |  18.5
        D:7 |     905 |       7 |   0.8 |      25 |       1 |   3.8
        D:8 |    1778 |     641 |  26.5 |      31 |       1 |   3.1
        D:9 |     143 |       0 |   0.0 |       5 |       0 |   0.0
            +---------+---------+-------+---------+---------+-------
